Bears vs Penguins

Created - Tuesday, November 04, 2014 at 22:51

Goals
1 2 3 T
Bears 0 0 1 1
Penguins 1 0 1 2
Shots
1 2 3 T
Bears 8 6 15 29
Penguins 11 11 15 37

1st period

1. Penguins , Tye McGinn 4 (Chris Huxley) at 6:10

Penalties :
Matt Kassian (WBS) for Fighting (Major) at 0:55, Kevin Henderson (Her) for Fighting (Major) at 0:55, Brad Mills (Her) for Roughing (Minor) at 7:52, Jeff Schultz (WBS) for Roughing (Minor) at 8:41

2nd period

No Goal

Penalties :
Brad Mills (Her) for Hooking (Minor) at 0:34, Eric Neilson (Her) for Interference (Minor) at 3:31

3rd period

2. Bears , David Dziurzynski 3 (Matt Taormina, Mark Flood) at 1:19
3. Penguins , Tye McGinn 5 (Andrej Sustr, Jeff Schultz) at 9:54 (PP)

Penalties :
Erick Lizon (Her) for Tripping (Minor) at 9:01, Matt Kassian (WBS) for Fighting (Major) at 15:13, Harry Young (Her) for Fighting (Major) at 15:13

Goalie Stats

John Gibson (Her), 35 saves from 37 shots - (0.946), L, 5-1-5, 60:00 minutes
Keith Kinkaid (WBS), 28 saves from 29 shots - (0.966), W, 11-0-2, 60:00 minutes

Players Stats for Bears

Player Name              G  A  P  +/- PIM S  H  SB GA TA FO     MP     PP MP  PK MP  
------------------------------------------------------------------------------------
Ben Youds                0  0  0  -1  0   1  0  0  0  1  0/0    11:42   0:00   0:00 
Brad Mills               0  0  0   0  4   6  2  0  1  0  0/0    15:46   0:49   0:00 
Brett Clark              0  0  0   0  0   2  0  1  1  0  0/0    21:27   0:49   3:17 
Chris Bruton             0  0  0   0  0   3  0  0  0  0  4/5    15:51   0:30   1:35 
David Dziurzynski        1  0  1   1  0   5  2  2  3  0  1/2    17:46   0:00   1:07 
Eric Neilson             0  0  0  -1  2   1  1  0  0  0  0/0    14:40   0:00   0:00 
Erick Lizon              0  0  0   1  2   0  0  1  0  0  0/0    15:10   0:00   0:00 
Farm Player15            0  0  0   0  0   0  0  0  0  0  0/2    13:18   0:30   1:21 
Farm Player17            0  0  0  -1  0   0  0  0  0  0  0/0    10:59   0:00   0:12 
Harry Young              0  0  0   0  5   0  0  1  1  0  0/0     9:04   0:00   0:00 
Kevin Henderson          0  0  0   0  5   2  0  0  2  0  2/2    18:43   0:19   1:07 
Mark Cundari             0  0  0  -1  0   0  1  4  0  1  0/0    11:42   0:00   0:00 
Mark Flood               0  1  1   1  0   2  0  2  1  1  0/0    18:20   0:00   2:23 
Matt Taormina            0  1  1   1  0   1  1  1  4  2  0/0    18:20   0:00   2:23 
Maxime Macenauer         0  0  0   1  0   0  2  0  0  1  2/5    20:37   0:00   3:00 
Shawn O'Donnell          0  0  0  -1  0   1  1  0  2  0  1/3    17:09   0:00   0:00 
Stefan Elliott           0  0  0   0  0   4  2  1  1  2  0/0    20:53   0:49   3:17 
Tyler Brown              0  0  0   0  0   1  6  1  3  4  8/19   21:37   0:19   2:58 

Players Stats for Penguins

Player Name              G  A  P  +/- PIM S  H  SB GA TA FO     MP     PP MP  PK MP  
------------------------------------------------------------------------------------
Andrej Sustr             0  1  1  -1  0   6  0  1  2  0  0/0    24:07   3:15   0:49 
Carson McMillan          0  0  0   0  0   4  1  0  3  0  3/6    14:55   0:00   0:02 
Charles Sarault          0  0  0   0  0   1  2  0  4  0  1/3    12:17   0:00   0:39 
Chris Huxley             0  1  1   1  0   3  1  1  0  1  0/0    19:19   2:25   0:00 
Curtis McKenzie          0  0  0   1  0   0  3  0  0  3  0/0    16:46   2:12   0:10 
Dan Biega                0  0  0   1  0   0  1  1  0  0  0/0    20:29   2:25   0:49 
Dean Arsene              0  0  0   0  0   2  0  2  0  1  0/0    16:34   0:00   0:00 
Dustin Gazley            0  0  0   0  0   4  0  0  0  1  0/0    10:02   0:00   0:00 
Hunter Bishop            0  0  0   0  0   2  0  0  1  1  1/1    10:02   0:00   0:00 
J.C. Lipon               0  0  0  -1  0   0  2  0  1  0  0/0    16:06   3:28   0:00 
Jeff Schultz             0  1  1  -1  2   1  2  0  0  1  0/0    23:40   3:14   0:00 
Justin Vaive             0  0  0   0  0   2  2  1  0  0  0/0    14:09   0:00   0:00 
Linden Vey               0  0  0   1  0   2  0  0  3  0  8/17   20:21   2:12   0:00 
Mark McNeill             0  0  0  -1  0   1  1  0  1  1  6/10   17:47   3:28   0:47 
Matt Kassian             0  0  0  -1  10  1  3  0  1  0  0/0    13:02   3:28   0:00 
Matt Konan               0  0  0   0  0   0  1  1  0  2  0/0    16:34   0:00   0:00 
Philippe Cornet          0  0  0   0  0   1  2  0  4  0  0/0    14:09   0:00   0:00 
Tye McGinn               2  0  2   1  0   7  0  0  4  0  1/1    17:39   2:12   0:00 

3 Stars

1 - Tye McGinn (WBS)
2 - Keith Kinkaid (WBS)
3 - David Dziurzynski (Her)

Power Play

Bears - 0 on 1 Attempt(s) - 0.00%
Penguins - 1 on 4 Attempt(s) - 25.00%

Penalty Kill

Bears - 3 on 4 Attempt(s) - 75.00% - Score 0 goal in Penalty Kill
Penguins - 1 on 1 Attempt(s) - 100.00% - Score 0 goal in Penalty Kill

Official

Referees : Unknown
Linesman : Unknown

Game Notes

Matt Kassian beats up Kevin Henderson at 0:55 of 1st period
Matt Kassian and Harry Young fight to a draw at 15:13 of 3rd period

Finance

Level 1 -- Attendance: 1384 (69.20%) -- Ticket Income $48,440
Level 2 -- Attendance: 717 (71.70%) -- Ticket Income $10,755
Total Attendance: 2101 (70.03%)
Total Ticket Income: $59,195
Other Income: $29,006
Total Income: $88,201

Bears

5 vs 5 Forward 
   Center                   Left Wing                Right Wing               Time % Phy DF OF 
 1 Tyler Brown              Kevin Henderson          Brad Mills               35     1   2  2  
 2 Maxime Macenauer         David Dziurzynski        Erick Lizon              30     1   2  2  
 3 Tyler Brown              Shawn O'Donnell          Eric Neilson             22     1   2  2  
 4 Chris Bruton             Kevin Henderson          Maxime Macenauer         13     1   2  2  

5 vs 5 Defense 
   Defense                  Defense                                           Time % Phy DF OF 
 1 Brett Clark              Stefan Elliott                                    35     1   2  2  
 2 Mark Flood               Matt Taormina                                     30     1   2  2  
 3 Mark Cundari             Ben Youds                                         22     1   2  2  
 4 Harry Young              Farm Player17                                     13     1   2  2  

PowerPlay Forward 
   Center                   Left Wing                Right Wing               Time % Phy DF OF 
 1 Tyler Brown              Kevin Henderson          Brad Mills               60     1   2  2  
 2 Maxime Macenauer         David Dziurzynski        Erick Lizon              40     1   2  2  

PowerPlay Defense
   Defense                  Defense                                           Time % Phy DF OF 
 1 Brett Clark              Stefan Elliott                                    60     1   2  2  
 2 Mark Flood               Matt Taormina                                     40     1   2  2  

Penalty Kill 4 Players Forward 
   Center                   Wing                     Time % Phy DF OF 
 1 Tyler Brown              Maxime Macenauer         60     1   2  2  
 2 Kevin Henderson          David Dziurzynski        40     1   2  2  

Penalty Kill 4 Players Defense
   Defense                  Defense                  Time % Phy DF OF 
 1 Brett Clark              Stefan Elliott           60     1   2  2  
 2 Mark Flood               Matt Taormina            40     1   2  2  

Penalty Kill - 3 Players Forward 
   Forward                                           Time % Phy DF OF 
 1 Kevin Henderson                                   60     1   2  2  
 2 Maxime Macenauer                                  40     1   2  2  

Penalty Kill - 3 Players Defense
   Defense                  Defense                  Time % Phy DF OF 
 1 Brett Clark              Stefan Elliott           60     1   2  2  
 2 Mark Flood               Matt Taormina            40     1   2  2  

4 vs 4 Forward 
   Center                   Wing                     Time % Phy DF OF 
 1 Brad Mills               Maxime Macenauer         60     1   2  2  
 2 Kevin Henderson          David Dziurzynski        40     1   2  2  

4 vs 4 Defense
   Defense                  Defense                  Time % Phy DF OF 
 1 Brett Clark              Stefan Elliott           60     1   2  2  
 2 Mark Flood               Matt Taormina            40     1   2  2  

Last Minutes Offensive
   Center                   Left Wing                Right Wing               Defense                  Defense                  
   Maxime Macenauer         Kevin Henderson          Brad Mills               Brett Clark              Stefan Elliott           

Last Minutes Defensive
   Center                   Left Wing                Right Wing               Defense                  Defense                  
   Maxime Macenauer         Kevin Henderson          Brad Mills               Brett Clark              Stefan Elliott           

Goaltenders
Starting : John Gibson              
Backup : Cristopher Nilstorp      

Extra Forwards
Normal : Tyler Brown, Shawn O'Donnell, Chris Bruton - PP : Tyler Brown, Shawn O'Donnell - PK : Chris Bruton
Extra Defensemen
Normal : Mark Cundari, Ben Youds, Harry Young - PP : Mark Cundari - PK : Ben Youds, Harry Young
Penalty Shots
Brad Mills, Maxime Macenauer, Kevin Henderson, David Dziurzynski, Tyler Brown

Penguins

5 vs 5 Forward 
   Center                   Left Wing                Right Wing               Time % Phy DF OF 
 1 Linden Vey               Tye McGinn               Curtis McKenzie          35     1   2  2  
 2 Mark McNeill             Matt Kassian             J.C. Lipon               30     1   2  2  
 3 Carson McMillan          Philippe Cornet          Justin Vaive             22     1   2  2  
 4 Charles Sarault          Hunter Bishop            Dustin Gazley            13     1   2  2  

5 vs 5 Defense 
   Defense                  Defense                                           Time % Phy DF OF 
 1 Andrej Sustr             Jeff Schultz                                      35     1   2  2  
 2 Chris Huxley             Dan Biega                                         30     1   2  2  
 3 Matt Konan               Dean Arsene                                       22     1   2  2  
 4 Andrej Sustr             Jeff Schultz                                      13     1   2  2  

PowerPlay Forward 
   Center                   Left Wing                Right Wing               Time % Phy DF OF 
 1 Linden Vey               Tye McGinn               Curtis McKenzie          60     1   2  2  
 2 Mark McNeill             Matt Kassian             J.C. Lipon               40     1   2  2  

PowerPlay Defense
   Defense                  Defense                                           Time % Phy DF OF 
 1 Andrej Sustr             Jeff Schultz                                      60     1   2  2  
 2 Chris Huxley             Dan Biega                                         40     1   2  2  

Penalty Kill 4 Players Forward 
   Center                   Wing                     Time % Phy DF OF 
 1 Linden Vey               Charles Sarault          60     1   2  2  
 2 Mark McNeill             Philippe Cornet          40     1   2  2  

Penalty Kill 4 Players Defense
   Defense                  Defense                  Time % Phy DF OF 
 1 Andrej Sustr             Jeff Schultz             60     1   2  2  
 2 Chris Huxley             Dan Biega                40     1   2  2  

Penalty Kill - 3 Players Forward 
   Forward                                           Time % Phy DF OF 
 1 Linden Vey                                        60     1   2  2  
 2 Mark McNeill                                      40     1   2  2  

Penalty Kill - 3 Players Defense
   Defense                  Defense                  Time % Phy DF OF 
 1 Andrej Sustr             Jeff Schultz             60     1   2  2  
 2 Chris Huxley             Dan Biega                40     1   2  2  

4 vs 4 Forward 
   Center                   Wing                     Time % Phy DF OF 
 1 Linden Vey               Tye McGinn               60     1   2  2  
 2 Mark McNeill             Curtis McKenzie          40     1   2  2  

4 vs 4 Defense
   Defense                  Defense                  Time % Phy DF OF 
 1 Andrej Sustr             Jeff Schultz             60     1   2  2  
 2 Chris Huxley             Dan Biega                40     1   2  2  

Last Minutes Offensive
   Center                   Left Wing                Right Wing               Defense                  Defense                  
   Linden Vey               Tye McGinn               Mark McNeill             Andrej Sustr             Jeff Schultz             

Last Minutes Defensive
   Center                   Left Wing                Right Wing               Defense                  Defense                  
   Linden Vey               Charles Sarault          Mark McNeill             Andrej Sustr             Jeff Schultz             

Goaltenders
Starting : Keith Kinkaid            
Backup : Mark Visentin            

Extra Forwards
Normal : Linden Vey, Tye McGinn, Curtis McKenzie - PP : J.C. Lipon, Matt Kassian - PK : Mark McNeill
Extra Defensemen
Normal : Dan Biega, Chris Huxley, Dean Arsene - PP : Matt Konan - PK : Dean Arsene, Chris Huxley
Penalty Shots
Linden Vey, Tye McGinn, Curtis McKenzie, Mark McNeill, Carson McMillan

% Time on Ice - Bears

Lines # - Real PCT - Wanted PCT - Time Play
Normal Forward
1 - 26% - 35% - 13:24
2 - 32% - 30% - 16:42
3 - 27% - 22% - 13:54
4 - 15% - 13% - 7:46
Normal Defense
1 - 31% - 35% - 15:56
2 - 29% - 30% - 15:03
3 - 23% - 22% - 11:42
4 - 18% - 13% - 9:05
PP Forward
1 - 100% - 60% - 0:49
2 - 0% - 40% - 0:00
PP Defense
1 - 100% - 60% - 0:49
2 - 0% - 40% - 0:00
PK Forward
1 - 80% - 60% - 4:33
2 - 20% - 40% - 1:07
PK Defense
1 - 58% - 60% - 3:17
2 - 42% - 40% - 2:23
PK3 Forward
1 - 0% - 60%
2 - 0% - 40%
PK3 Defense
1 - 0% - 60%
2 - 0% - 40%
44 Forward
1 - 100% - 60% - 1:10
2 - 0% - 40% - 0:00
44 Defense
1 - 23% - 60% - 0:16
2 - 77% - 40% - 0:54
Last Minute Offensive  - 0:35
Last Minute Defensive  - 0:00
Total
Forward - 60:00
Defense - 60:00

% Time on Ice - Penguins

Lines # - Real PCT - Wanted PCT - Time Play
Normal Forward
1 - 28% - 35% - 14:40
2 - 25% - 30% - 12:38
3 - 27% - 22% - 14:09
4 - 19% - 13% - 10:02
Normal Defense
1 - 29% - 35% - 15:00
2 - 31% - 30% - 16:08
3 - 32% - 22% - 16:34
4 - 7% - 13% - 3:47
PP Forward
1 - 39% - 60% - 2:12
2 - 61% - 40% - 3:28
PP Defense
1 - 57% - 60% - 3:15
2 - 43% - 40% - 2:25
PK Forward
1 - 80% - 60% - 0:39
2 - 20% - 40% - 0:10
PK Defense
1 - 100% - 60% - 0:49
2 - 0% - 40% - 0:00
PK3 Forward
1 - 0% - 60%
2 - 0% - 40%
PK3 Defense
1 - 0% - 60%
2 - 0% - 40%
44 Forward
1 - 97% - 60% - 1:08
2 - 3% - 40% - 0:02
44 Defense
1 - 34% - 60% - 0:24
2 - 66% - 40% - 0:46
Last Minute Offensive  - 0:00
Last Minute Defensive  - 0:52
Total
Forward - 60:00
Defense - 60:00

Play by Play

1st period


0:01 of 1st period - Tyler Brown wins face-off versus Linden Vey in neutral zone.
0:16 of 1st period - Stefan Elliott is hit by Jeff Schultz and loses puck.
0:25 of 1st period - Curtis McKenzie is hit by Stefan Elliott and loses puck.
0:55 of 1st period - Matt Kassian beats up Kevin Henderson.
0:55 of 1st period - Penalty to Matt Kassian for Fighting.
0:55 of 1st period - Penalty to Kevin Henderson for Fighting.
0:56 of 1st period - Maxime Macenauer wins face-off versus Carson McMillan in neutral zone.
0:58 of 1st period - Off-side.
0:59 of 1st period - Maxime Macenauer wins face-off versus Carson McMillan in neutral zone.
1:06 of 1st period - Snap shot by Philippe Cornet.
1:06 of 1st period - Shot Blocked by Mark Flood.
1:08 of 1st period - Slapshot by Dean Arsene.
1:08 of 1st period - Stopped by John Gibson with a rebound.
1:10 of 1st period - Wrist shot by Carson McMillan.
1:10 of 1st period - Stopped by John Gibson with a rebound.
1:31 of 1st period - Slapshot by Mark Flood.
1:31 of 1st period - Shot Misses the Net.
3:07 of 1st period - Charles Sarault is hit by Tyler Brown and loses puck.
3:14 of 1st period - Andrej Sustr is hit by Tyler Brown and loses puck.
4:33 of 1st period - Wrist shot by Erick Lizon.
4:33 of 1st period - Shot Blocked by Dan Biega.
5:00 of 1st period - Tyler Brown is hit by Carson McMillan and loses puck.
5:05 of 1st period - Slapshot by Andrej Sustr.
5:05 of 1st period - Shot Misses the Net.
5:19 of 1st period - Backhand shot by Andrej Sustr.
5:19 of 1st period - Stopped by John Gibson with a rebound.
5:21 of 1st period - Slapshot by Andrej Sustr.
5:21 of 1st period - Shot Misses the Net.
5:23 of 1st period - Slapshot by Hunter Bishop.
5:23 of 1st period - Stopped by John Gibson with a rebound.
5:25 of 1st period - Wrist shot by Dustin Gazley.
5:25 of 1st period - Stopped by John Gibson with a rebound.
5:58 of 1st period - Snap shot by Chris Bruton.
5:58 of 1st period - Stopped by Keith Kinkaid without a rebound.
5:59 of 1st period - Chris Bruton wins face-off versus Linden Vey in Penguins zone.
6:10 of 1st period - Wrist shot by Tye McGinn.
6:10 of 1st period - Goal by Tye McGinn - Bears : 0 - Penguins : 1.
6:11 of 1st period - Carson McMillan wins face-off versus David Dziurzynski in neutral zone.
6:28 of 1st period - Wrist shot by Mark Flood.
6:28 of 1st period - Deflect By Jeff Schultz.
6:28 of 1st period - Stopped by Keith Kinkaid without a rebound.
6:29 of 1st period - Carson McMillan wins face-off versus Maxime Macenauer in Penguins zone.
6:38 of 1st period - Snap shot by Carson McMillan.
6:38 of 1st period - Stopped by John Gibson with a rebound.
6:40 of 1st period - Slapshot by Andrej Sustr.
6:40 of 1st period - Shot Misses the Net.
6:42 of 1st period - Snap shot by Philippe Cornet.
6:42 of 1st period - Stopped by John Gibson with a rebound.
6:44 of 1st period - Slapshot by Andrej Sustr.
6:44 of 1st period - Stopped by John Gibson with a rebound.
6:46 of 1st period - Backhand shot by Jeff Schultz.
6:46 of 1st period - Stopped by John Gibson without a rebound.
6:47 of 1st period - Linden Vey wins face-off versus Shawn O'Donnell in Bears zone.
7:52 of 1st period - Minor Penalty to Brad Mills for Roughing.
7:53 of 1st period - Tyler Brown wins face-off versus Mark McNeill in Bears zone.
8:01 of 1st period - Mark McNeill is hit by Maxime Macenauer and loses puck.
8:41 of 1st period - Minor Penalty to Jeff Schultz for Roughing.
8:42 of 1st period - Shawn O'Donnell wins face-off versus Linden Vey in Penguins zone.
9:52 of 1st period - Penalty to Brad Mills is over, Brad Mills is back on ice.
10:12 of 1st period - Slapshot by Brad Mills.
10:12 of 1st period - Stopped by Keith Kinkaid with a rebound.
10:16 of 1st period - Slapshot by Brett Clark.
10:16 of 1st period - Stopped by Keith Kinkaid with a rebound.
10:18 of 1st period - Backhand shot by Stefan Elliott.
10:18 of 1st period - Deflect By Andrej Sustr.
10:18 of 1st period - Stopped by Keith Kinkaid with a rebound.
10:34 of 1st period - Andrej Sustr is hit by Tyler Brown and loses puck.
10:41 of 1st period - Penalty to Jeff Schultz is over, Jeff Schultz is back on ice.
11:00 of 1st period - Dan Biega is hit by Tyler Brown and loses puck.
11:15 of 1st period - Slapshot by Ben Youds.
11:15 of 1st period - Stopped by Keith Kinkaid with a rebound.
12:02 of 1st period - Carson McMillan is hit by Tyler Brown and loses puck.
12:07 of 1st period - Wrist shot by Brad Mills.
12:07 of 1st period - Shot Misses the Net.
13:04 of 1st period - Snap shot by Mark McNeill.
13:04 of 1st period - Shot Misses the Net.
15:01 of 1st period - Slapshot by Andrej Sustr.
15:01 of 1st period - Stopped by John Gibson with a rebound.
15:03 of 1st period - Slapshot by Jeff Schultz.
15:03 of 1st period - Shot Misses the Net.
16:02 of 1st period - Off-side.
16:03 of 1st period - Chris Bruton wins face-off versus Mark McNeill in neutral zone.
16:08 of 1st period - Slapshot by Kevin Henderson.
16:08 of 1st period - Stopped by Keith Kinkaid with a rebound.
16:30 of 1st period - Kevin Henderson is hit by J.C. Lipon and loses puck.
17:14 of 1st period - Wrist shot by Tye McGinn.
17:14 of 1st period - Shot Misses the Net.
17:16 of 1st period - Slapshot by Dean Arsene.
17:16 of 1st period - Shot Blocked by David Dziurzynski.
18:23 of 1st period - Shawn O'Donnell is hit by Matt Kassian and loses puck.
18:35 of 1st period - Snap shot by Stefan Elliott.
18:35 of 1st period - Shot Misses the Net.
19:11 of 1st period - Slapshot by Stefan Elliott.
19:11 of 1st period - Stopped by Keith Kinkaid without a rebound.
19:12 of 1st period - Charles Sarault wins face-off versus Chris Bruton in Penguins zone.
Goals for this period are 0 for Bears vs 1 for Penguins.
Shots for this period are 8 for Bears vs 11 for Penguins.

2nd period


0:01 of 2nd period - Tyler Brown wins face-off versus Linden Vey in neutral zone.
0:04 of 2nd period - Andrej Sustr is hit by Brad Mills and loses puck.
0:34 of 2nd period - Minor Penalty to Brad Mills for Hooking.
0:35 of 2nd period - Mark McNeill wins face-off versus Tyler Brown in Bears zone.
0:39 of 2nd period - Slapshot by Matt Kassian.
0:39 of 2nd period - Shot Misses the Net.
1:39 of 2nd period - Snap shot by Linden Vey.
1:39 of 2nd period - Stopped by John Gibson without a rebound.
1:40 of 2nd period - Tyler Brown wins face-off versus Linden Vey in Bears zone.
2:34 of 2nd period - Penalty to Brad Mills is over, Brad Mills is back on ice.
2:34 of 2nd period - Tyler Brown is hit by Dan Biega and loses puck.
2:39 of 2nd period - Wrist shot by Linden Vey.
2:39 of 2nd period - Stopped by John Gibson with a rebound.
3:03 of 2nd period - Wrist shot by Philippe Cornet.
3:03 of 2nd period - Shot Blocked by Mark Cundari.
3:05 of 2nd period - Snap shot by Philippe Cornet.
3:05 of 2nd period - Shot Blocked by Mark Cundari.
3:07 of 2nd period - Wrist shot by Justin Vaive.
3:07 of 2nd period - Shot Misses the Net.
3:09 of 2nd period - Slapshot by Justin Vaive.
3:09 of 2nd period - Stopped by John Gibson with a rebound.
3:15 of 2nd period - Wrist shot by Carson McMillan.
3:15 of 2nd period - Stopped by John Gibson with a rebound.
3:17 of 2nd period - Slapshot by Justin Vaive.
3:17 of 2nd period - Stopped by John Gibson with a rebound.
3:19 of 2nd period - Snap shot by Carson McMillan.
3:19 of 2nd period - Shot Misses the Net.
3:21 of 2nd period - Slapshot by Matt Konan.
3:21 of 2nd period - Shot Blocked by Mark Cundari.
3:31 of 2nd period - Minor Penalty to Eric Neilson for Interference.
3:32 of 2nd period - Mark McNeill wins face-off versus Tyler Brown in Bears zone.
4:25 of 2nd period - David Dziurzynski is hit by Curtis McKenzie and loses puck.
5:31 of 2nd period - Penalty to Eric Neilson is over, Eric Neilson is back on ice.
5:36 of 2nd period - Andrej Sustr is hit by David Dziurzynski.
6:26 of 2nd period - Wrist shot by Andrej Sustr.
6:26 of 2nd period - Stopped by John Gibson with a rebound.
6:44 of 2nd period - Wrist shot by Charles Sarault.
6:44 of 2nd period - Shot Blocked by David Dziurzynski.
6:55 of 2nd period - Slapshot by Charles Sarault.
6:55 of 2nd period - Deflect By Dustin Gazley.
6:55 of 2nd period - Stopped by John Gibson with a rebound.
6:57 of 2nd period - Wrist shot by Dustin Gazley.
6:57 of 2nd period - Shot Blocked by Brett Clark.
6:59 of 2nd period - Snap shot by Chris Huxley.
6:59 of 2nd period - Shot Misses the Net.
7:01 of 2nd period - Slapshot by Chris Huxley.
7:01 of 2nd period - Stopped by John Gibson without a rebound.
7:02 of 2nd period - Chris Bruton wins face-off versus Linden Vey in Bears zone.
7:07 of 2nd period - Slapshot by Mark Flood.
7:07 of 2nd period - Stopped by Keith Kinkaid with a rebound.
9:04 of 2nd period - Wrist shot by Chris Bruton.
9:04 of 2nd period - Shot Misses the Net.
9:08 of 2nd period - Wrist shot by Chris Bruton.
9:08 of 2nd period - Stopped by Keith Kinkaid with a rebound.
9:24 of 2nd period - Wrist shot by Shawn O'Donnell.
9:24 of 2nd period - Shot Misses the Net.
9:28 of 2nd period - Wrist shot by Shawn O'Donnell.
9:28 of 2nd period - Shot Misses the Net.
9:30 of 2nd period - Snap shot by Shawn O'Donnell.
9:30 of 2nd period - Stopped by Keith Kinkaid with a rebound.
10:35 of 2nd period - Backhand shot by Andrej Sustr.
10:35 of 2nd period - Shot Blocked by Harry Young.
11:20 of 2nd period - Mark Cundari is hit by Jeff Schultz and loses puck.
11:29 of 2nd period - Snap shot by Shawn O'Donnell.
11:29 of 2nd period - Shot Misses the Net.
12:38 of 2nd period - Brett Clark is hit by Justin Vaive and loses puck.
12:50 of 2nd period - Ben Youds is hit by Philippe Cornet and loses puck.
13:49 of 2nd period - Off-side.
13:50 of 2nd period - David Dziurzynski wins face-off versus Carson McMillan in neutral zone.
14:18 of 2nd period - Off-side.
14:19 of 2nd period - Linden Vey wins face-off versus Tyler Brown in neutral zone.
14:22 of 2nd period - Kevin Henderson is hit by Matt Konan and loses puck.
14:47 of 2nd period - Matt Taormina is hit by J.C. Lipon and loses puck.
15:00 of 2nd period - David Dziurzynski is hit by Matt Kassian and loses puck.
15:05 of 2nd period - Slapshot by Andrej Sustr.
15:05 of 2nd period - Shot Misses the Net.
15:37 of 2nd period - Jeff Schultz is hit by David Dziurzynski.
15:41 of 2nd period - Erick Lizon is hit by Charles Sarault and loses puck.
16:04 of 2nd period - Snap shot by Brett Clark.
16:04 of 2nd period - Deflect By Brad Mills.
16:04 of 2nd period - Stopped by Keith Kinkaid with a rebound.
16:06 of 2nd period - Slapshot by Stefan Elliott.
16:06 of 2nd period - Stopped by Keith Kinkaid with a rebound.
16:18 of 2nd period - Ben Youds is hit by Philippe Cornet and loses puck.
16:49 of 2nd period - Tyler Brown is hit by Curtis McKenzie and loses puck.
18:03 of 2nd period - Snap shot by Tye McGinn.
18:03 of 2nd period - Stopped by John Gibson without a rebound.
18:04 of 2nd period - Linden Vey wins face-off versus Tyler Brown in Bears zone.
18:05 of 2nd period - Slapshot by Tye McGinn.
18:05 of 2nd period - Shot Misses the Net.
18:30 of 2nd period - Snap shot by Andrej Sustr.
18:30 of 2nd period - Deflect By Matt Kassian.
18:30 of 2nd period - Stopped by John Gibson with a rebound.
18:42 of 2nd period - Slapshot by Andrej Sustr.
18:42 of 2nd period - Stopped by John Gibson with a rebound.
18:56 of 2nd period - Dan Biega is hit by Matt Taormina and loses puck.
19:04 of 2nd period - Icing by Chris Huxley.
19:05 of 2nd period - Carson McMillan wins face-off versus Farm Player15 in Penguins zone.
19:05 of 2nd period - Carson McMillan is hit by Mark Cundari.
19:13 of 2nd period - Shawn O'Donnell is hit by Justin Vaive and loses puck.
19:18 of 2nd period - Snap shot by Carson McMillan.
19:18 of 2nd period - Shot Misses the Net.
19:50 of 2nd period - Kevin Henderson is hit by Charles Sarault and loses puck.
19:57 of 2nd period - Slapshot by Stefan Elliott.
19:57 of 2nd period - Stopped by Keith Kinkaid with a rebound.
19:59 of 2nd period - Snap shot by Chris Bruton.
19:59 of 2nd period - Shot Blocked by Matt Konan.
Goals for this period are 0 for Bears vs 0 for Penguins.
Shots for this period are 6 for Bears vs 11 for Penguins.

3rd period


0:01 of 3rd period - Tyler Brown wins face-off versus Linden Vey in neutral zone.
0:08 of 3rd period - Slapshot by Brett Clark.
0:08 of 3rd period - Stopped by Keith Kinkaid without a rebound.
0:09 of 3rd period - Tyler Brown wins face-off versus Linden Vey in Penguins zone.
0:22 of 3rd period - Linden Vey is hit by Brad Mills and loses puck.
0:41 of 3rd period - Snap shot by Linden Vey.
0:41 of 3rd period - Deflect By Tye McGinn.
0:41 of 3rd period - Stopped by John Gibson with a rebound.
1:01 of 3rd period - Andrej Sustr is hit by Maxime Macenauer and loses puck.
1:09 of 3rd period - Snap shot by David Dziurzynski.
1:09 of 3rd period - Stopped by Keith Kinkaid with a rebound.
1:11 of 3rd period - Slapshot by Mark Flood.
1:11 of 3rd period - Shot Misses the Net.
1:13 of 3rd period - Slapshot by Matt Taormina.
1:13 of 3rd period - Deflect By David Dziurzynski.
1:13 of 3rd period - Stopped by Keith Kinkaid with a rebound.
1:15 of 3rd period - Wrist shot by David Dziurzynski.
1:15 of 3rd period - Shot Misses the Net.
1:17 of 3rd period - Snap shot by David Dziurzynski.
1:17 of 3rd period - Shot Misses the Net.
1:19 of 3rd period - Snap shot by David Dziurzynski.
1:19 of 3rd period - Goal by David Dziurzynski - Bears : 1 - Penguins : 1.
1:20 of 3rd period - Tyler Brown wins face-off versus Mark McNeill in neutral zone.
1:36 of 3rd period - Icing by Mark McNeill.
1:37 of 3rd period - Mark McNeill wins face-off versus Tyler Brown in Penguins zone.
2:22 of 3rd period - Slapshot by David Dziurzynski.
2:22 of 3rd period - Stopped by Keith Kinkaid with a rebound.
2:24 of 3rd period - Slapshot by Stefan Elliott.
2:24 of 3rd period - Deflect By David Dziurzynski.
2:24 of 3rd period - Stopped by Keith Kinkaid without a rebound.
2:25 of 3rd period - Linden Vey wins face-off versus Maxime Macenauer in Penguins zone.
2:52 of 3rd period - Stefan Elliott is hit by Curtis McKenzie and loses puck.
3:25 of 3rd period - Wrist shot by Carson McMillan.
3:25 of 3rd period - Shot Misses the Net.
3:33 of 3rd period - Wrist shot by Philippe Cornet.
3:33 of 3rd period - Shot Blocked by Stefan Elliott.
3:53 of 3rd period - Wrist shot by Dustin Gazley.
3:53 of 3rd period - Stopped by John Gibson with a rebound.
3:55 of 3rd period - Snap shot by Dean Arsene.
3:55 of 3rd period - Stopped by John Gibson with a rebound.
3:57 of 3rd period - Snap shot by Hunter Bishop.
3:57 of 3rd period - Stopped by John Gibson with a rebound.
3:59 of 3rd period - Wrist shot by Dustin Gazley.
3:59 of 3rd period - Stopped by John Gibson with a rebound.
5:21 of 3rd period - Slapshot by Mark Flood.
5:21 of 3rd period - Shot Blocked by Andrej Sustr.
5:23 of 3rd period - Snap shot by Tyler Brown.
5:23 of 3rd period - Stopped by Keith Kinkaid with a rebound.
5:28 of 3rd period - Icing by Jeff Schultz.
5:29 of 3rd period - Linden Vey wins face-off versus Tyler Brown in Penguins zone.
5:29 of 3rd period - Linden Vey is hit by Tyler Brown.
5:44 of 3rd period - Snap shot by Linden Vey.
5:44 of 3rd period - Shot Misses the Net.
5:46 of 3rd period - Snap shot by Tye McGinn.
5:46 of 3rd period - Shot Misses the Net.
5:48 of 3rd period - Snap shot by Linden Vey.
5:48 of 3rd period - Shot Misses the Net.
6:20 of 3rd period - Wrist shot by Kevin Henderson.
6:20 of 3rd period - Shot Blocked by Justin Vaive.
6:22 of 3rd period - Snap shot by Chris Bruton.
6:22 of 3rd period - Stopped by Keith Kinkaid with a rebound.
6:44 of 3rd period - Wrist shot by Kevin Henderson.
6:44 of 3rd period - Stopped by Keith Kinkaid with a rebound.
7:00 of 3rd period - Wrist shot by Brad Mills.
7:00 of 3rd period - Stopped by Keith Kinkaid with a rebound.
7:02 of 3rd period - Slapshot by Ben Youds.
7:02 of 3rd period - Shot Blocked by Dean Arsene.
7:04 of 3rd period - Backhand shot by Ben Youds.
7:04 of 3rd period - Deflect By Brad Mills.
7:04 of 3rd period - Stopped by Keith Kinkaid with a rebound.
7:06 of 3rd period - Snap shot by Kevin Henderson.
7:06 of 3rd period - Shot Blocked by Dean Arsene.
7:21 of 3rd period - Dan Biega is hit by Shawn O'Donnell and loses puck.
7:26 of 3rd period - Snap shot by Matt Taormina.
7:26 of 3rd period - Stopped by Keith Kinkaid with a rebound.
7:28 of 3rd period - Wrist shot by Tyler Brown.
7:28 of 3rd period - Shot Blocked by Chris Huxley.
8:05 of 3rd period - Wrist shot by Mark Flood.
8:05 of 3rd period - Shot Misses the Net.
8:07 of 3rd period - Backhand shot by Eric Neilson.
8:07 of 3rd period - Stopped by Keith Kinkaid without a rebound.
8:08 of 3rd period - Linden Vey wins face-off versus Farm Player15 in Penguins zone.
8:08 of 3rd period - Linden Vey is hit by Eric Neilson.
8:16 of 3rd period - Snap shot by Tye McGinn.
8:16 of 3rd period - Stopped by John Gibson with a rebound.
8:18 of 3rd period - Snap shot by Tye McGinn.
8:18 of 3rd period - Stopped by John Gibson with a rebound.
8:22 of 3rd period - Snap shot by Tye McGinn.
8:22 of 3rd period - Stopped by John Gibson without a rebound.
8:23 of 3rd period - Chris Bruton wins face-off versus Linden Vey in Bears zone.
9:01 of 3rd period - Minor Penalty to Erick Lizon for Tripping.
9:02 of 3rd period - Mark McNeill wins face-off versus Tyler Brown in Bears zone.
9:34 of 3rd period - Snap shot by Matt Kassian.
9:34 of 3rd period - Shot Blocked by Tyler Brown.
9:36 of 3rd period - Slapshot by Chris Huxley.
9:36 of 3rd period - Stopped by John Gibson without a rebound.
9:37 of 3rd period - Tye McGinn wins face-off versus Tyler Brown in Bears zone.
9:46 of 3rd period - Slapshot by Tye McGinn.
9:46 of 3rd period - Shot Blocked by Mark Flood.
9:48 of 3rd period - Slapshot by Jeff Schultz.
9:48 of 3rd period - Shot Misses the Net.
9:50 of 3rd period - Wrist shot by Tye McGinn.
9:50 of 3rd period - Shot Blocked by Matt Taormina.
9:52 of 3rd period - Snap shot by Andrej Sustr.
9:52 of 3rd period - Shot Misses the Net.
9:54 of 3rd period - Snap shot by Tye McGinn.
9:54 of 3rd period - Goal by Tye McGinn - Bears : 1 - Penguins : 2.
9:55 of 3rd period - Mark McNeill wins face-off versus Tyler Brown in neutral zone.
9:58 of 3rd period - Slapshot by Andrej Sustr.
9:58 of 3rd period - Stopped by John Gibson with a rebound.
10:16 of 3rd period - Snap shot by Matt Kassian.
10:16 of 3rd period - Shot Misses the Net.
11:21 of 3rd period - Snap shot by Brad Mills.
11:21 of 3rd period - Stopped by Keith Kinkaid with a rebound.
12:04 of 3rd period - Snap shot by Charles Sarault.
12:04 of 3rd period - Stopped by John Gibson with a rebound.
12:30 of 3rd period - David Dziurzynski is hit by Chris Huxley and loses puck.
13:07 of 3rd period - Snap shot by Matt Kassian.
13:07 of 3rd period - Shot Blocked by Mark Cundari.
13:09 of 3rd period - Slapshot by Mark McNeill.
13:09 of 3rd period - Stopped by John Gibson without a rebound.
13:10 of 3rd period - Tyler Brown wins face-off versus Mark McNeill in Bears zone.
13:19 of 3rd period - Matt Kassian is hit by Stefan Elliott.
13:27 of 3rd period - Tyler Brown is hit by Matt Kassian.
13:39 of 3rd period - Slapshot by Brad Mills.
13:39 of 3rd period - Stopped by Keith Kinkaid without a rebound.
13:40 of 3rd period - Kevin Henderson wins face-off versus Charles Sarault in Penguins zone.
15:13 of 3rd period - Matt Kassian and Harry Young fight to a draw.
15:13 of 3rd period - Penalty to Matt Kassian for Fighting.
15:13 of 3rd period - Penalty to Harry Young for Fighting.
15:14 of 3rd period - Mark McNeill wins face-off versus Tyler Brown in Bears zone.
16:35 of 3rd period - Icing by Kevin Henderson.
16:36 of 3rd period - Kevin Henderson wins face-off versus Charles Sarault in Bears zone.
16:46 of 3rd period - Icing by Hunter Bishop.
16:47 of 3rd period - Hunter Bishop wins face-off versus Tyler Brown in Penguins zone.
18:16 of 3rd period - Wrist shot by Philippe Cornet.
18:16 of 3rd period - Shot Misses the Net.
18:32 of 3rd period - Slapshot by Philippe Cornet.
18:32 of 3rd period - Shot Misses the Net.
18:34 of 3rd period - Slapshot by Chris Huxley.
18:34 of 3rd period - Stopped by John Gibson with a rebound.
18:36 of 3rd period - Snap shot by Philippe Cornet.
18:36 of 3rd period - Deflect By Carson McMillan.
18:36 of 3rd period - Stopped by John Gibson without a rebound.
18:37 of 3rd period - Linden Vey wins face-off versus Maxime Macenauer in Bears zone.
18:58 of 3rd period - Wrist shot by Tye McGinn.
18:58 of 3rd period - Shot Misses the Net.
19:00 of 3rd period - Slapshot by Curtis McKenzie.
19:00 of 3rd period - Shot Misses the Net.
19:02 of 3rd period - Slapshot by Andrej Sustr.
19:02 of 3rd period - Shot Blocked by Erick Lizon.
19:14 of 3rd period - Erick Lizon is hit by Mark McNeill and loses puck.
19:32 of 3rd period - Icing by Jeff Schultz.
19:33 of 3rd period - Linden Vey wins face-off versus Shawn O'Donnell in Penguins zone.
Goals for this period are 1 for Bears vs 1 for Penguins.
Shots for this period are 15 for Bears vs 15 for Penguins.


Output by the SimonT Hockey Simulator (STHS) for Eric Dolegowski -- Original Page W3C XHTML 1.0 Valid
Hockey Simulator - Hockey Simulation - Hockey Manager